TOP OF THE 1ST |
Toledo Mud Hens batting - Pitching for Norfolk Tides : RHP Aaron Schneider
|
Pitching: RHP Aaron Schneider
|
|
Batting: RHB J.J. Basil
|
0-0: Ball 1-0: Called Strike 1-1: Foul Ball, location: 2F 1-2: Strikes out swinging
|
Batting: RHB Aaron Cusick
|
0-0: Ball 1-0: Ball 2-0: Swinging Strike 2-1: Called Strike 2-2: Ball 3-2: Foul Ball, location: 2F 3-2: Strikes out swinging
|
Batting: LHB Bill Ford
|
0-0: Ball 1-0: Foul Ball, location: 2F 1-1: SINGLE (Flyball, 7S, EV 96.9 MPH)
|
Batting: LHB Jon Frederick
|
0-0: Ball 1-0: Ball Bill Ford steals 2nd base 2-0: Called Strike 2-1: Ball 3-1: SINGLE (Line Drive, 7S, EV 94.4 MPH) Bill Ford to third Throwing error, E7 Bill Ford scores Jon Frederick to second
|
Batting: RHB Joel Miller
|
0-0: Called Strike 0-1: Ground out 4-3 (Groundball, 4, EV 85.6 MPH)
|
Top of the 1st over - 1 run, 2 hits, 1 error, 1 left on base; Toledo 1 - Norfolk 0 |
BOTTOM OF THE 1ST |
Norfolk Tides batting - Pitching for Toledo Mud Hens : RHP Andy Miller
|
Pitching: RHP Andy Miller
|
|
Batting: RHB Bobby Scholl
|
0-0: Foul Ball, location: 2F 0-1: Ball 1-1: Swinging Strike 1-2: Ball 2-2: Ball 3-2: Strikes out swinging
|
Batting: LHB Tyler Allen
|
0-0: Called Strike 0-1: Ground out U3 (Groundball, 3, EV 83.8 MPH)
|
Batting: LHB Wes Goscinski
|
0-0: Called Strike 0-1: Ball 1-1: Ground out U3 (Groundball, 3, EV 108.1 MPH)
|
Bottom of the 1st over - 0 runs, 0 hits, 0 errors, 0 left on base; Toledo 1 - Norfolk 0 |
TOP OF THE 2ND |
Toledo Mud Hens batting - Pitching for Norfolk Tides : RHP Aaron Schneider
|
Batting: RHB Jamie Villagrana
|
0-0: Ball 1-0: Foul Ball, location: 2F 1-1: Ball 2-1: Ground out 6-3 (Groundball, 6, EV 86.9 MPH)
|
Batting: RHB Keith Hoffman
|
0-0: Called Strike 0-1: Swinging Strike 0-2: Strikes out swinging
|
Batting: SHB Scott Bartholomew
|
0-0: Called Strike 0-1: Ball 1-1: Foul Ball, location: 2F 1-2: Foul Ball, location: 2F 1-2: Ball 2-2: Ball 3-2: Base on Balls
|
Batting: SHB Chris Wagler
|
0-0: Ball 1-0: Called Strike 1-1: Foul Ball, location: 2F 1-2: SINGLE (Groundball, 34D, EV 99.4 MPH) Scott Bartholomew to second Runner from 2nd tries for 3rd, SAFE, throw by RF made at trailing runner, OUT! 9-6
|
Top of the 2nd over - 0 runs, 1 hit, 0 errors, 1 left on base; Toledo 1 - Norfolk 0 |
BOTTOM OF THE 2ND |
Norfolk Tides batting - Pitching for Toledo Mud Hens : RHP Andy Miller
|
Batting: RHB Muneer Maudad
|
0-0: Ball 1-0: Ball 2-0: Ball 3-0: Called Strike 3-1: SINGLE (Groundball, 6M, EV 101.2 MPH)
|
Batting: SHB Ben Pierce
|
0-0: Ball 1-0: Ball 2-0: Fly out, F7 (Flyball, 7LM, EV 85.6 MPH)
|
Batting: RHB Travis Carter
|
0-0: Ball 1-0: Called Strike 1-1: Ball 2-1: Foul Ball, location: 2F 2-2: Ball 3-2: Base on Balls Muneer Maudad to second
|
Batting: RHB Ryan Taylor
|
0-0: Ball 1-0: Foul Ball, location: 2F 1-1: Ball 2-1: Swinging Strike 2-2: Ball 3-2: Fly out, F8 (Flyball, 89D, EV 106.9 MPH)
|
Batting: RHB Andrew Korman
|
0-0: Called Strike 0-1: Ball 1-1: Ground out 3-1 (Groundball, 34S, EV 86.2 MPH)
|
Bottom of the 2nd over - 0 runs, 1 hit, 0 errors, 2 left on base; Toledo 1 - Norfolk 0 |
TOP OF THE 3RD |
Toledo Mud Hens batting - Pitching for Norfolk Tides : RHP Aaron Schneider
|
Batting: RHB J.J. Basil
|
0-0: Foul Ball, location: 2F 0-1: Ball 1-1: Foul Ball, location: 2F 1-2: SINGLE (Groundball, 56D, EV 105.6 MPH)
|
Batting: RHB Aaron Cusick
|
0-0: Foul Ball, location: 2F 0-1: Called Strike 0-2: Strikes out looking
|
Batting: LHB Bill Ford
|
0-0: Called Strike 0-1: Reached on error, E1 (Groundball, 13S, EV 62.5 MPH) J.J. Basil to second
|
Batting: LHB Jon Frederick
|
0-0: Called Strike 0-1: Swinging Strike 0-2: Fielders Choice at 2nd, U6 (Groundball, 4M, EV 85.6 MPH) J.J. Basil to third
|
Batting: RHB Joel Miller
|
0-0: Fly out, F9 (Flyball, 9D, EV 108.8 MPH)
|
Top of the 3rd over - 0 runs, 1 hit, 1 error, 2 left on base; Toledo 1 - Norfolk 0 |
BOTTOM OF THE 3RD |
Norfolk Tides batting - Pitching for Toledo Mud Hens : RHP Andy Miller
|
Batting: RHB Andy Bridger
|
0-0: Called Strike 0-1: Ball 1-1: Foul Ball, location: 2F 1-2: Strikes out swinging
|
Batting: RHB Bobby Scholl
|
0-0: Ball 1-0: Called Strike 1-1: Swinging Strike 1-2: Reached on error, E3 (Groundball, 13, EV 89.4 MPH)
|
Batting: LHB Tyler Allen
|
0-0: Grounds into double play, 5-4-3 (Groundball, 56, EV 84.4 MPH)
|
Bottom of the 3rd over - 0 runs, 0 hits, 1 error, 0 left on base; Toledo 1 - Norfolk 0 |
TOP OF THE 4TH |
Toledo Mud Hens batting - Pitching for Norfolk Tides : RHP Aaron Schneider
|
Batting: RHB Jamie Villagrana
|
0-0: Ball 1-0: Called Strike 1-1: Foul Ball, location: 2F 1-2: Ball 2-2: Ground out 2-3 (Groundball, 2R, EV 66.2 MPH)
|
Batting: RHB Keith Hoffman
|
0-0: Ball 1-0: Ball 2-0: Called Strike 2-1: Called Strike 2-2: SINGLE (Groundball, 34D, EV 100.6 MPH)
|
Batting: SHB Scott Bartholomew
|
0-0: Ball 1-0: Foul Ball, location: 2F 1-1: Ball 2-1: Fly out, F9 (Flyball, 9, EV 90.6 MPH)
|
Batting: SHB Chris Wagler
|
0-0: Ball 1-0: Called Strike 1-1: Foul Ball, location: 2F 1-2: Ball 2-2: Fly out, F7 (Flyball, 78M, EV 98.1 MPH)
|
Top of the 4th over - 0 runs, 1 hit, 0 errors, 1 left on base; Toledo 1 - Norfolk 0 |
BOTTOM OF THE 4TH |
Norfolk Tides batting - Pitching for Toledo Mud Hens : RHP Andy Miller
|
Batting: LHB Wes Goscinski
|
0-0: Swinging Strike 0-1: Called Strike 0-2: Ball 1-2: Foul Ball, location: 2F 1-2: Foul Ball, location: 2F 1-2: Ball 2-2: DOUBLE (Flyball, 78D, EV 110.0 MPH)
|
Batting: RHB Muneer Maudad
|
0-0: Called Strike 0-1: Ball 1-1: Foul Ball, location: 2F 1-2: Ball 2-2: Ball 3-2: Base on Balls
|
Batting: SHB Ben Pierce
|
0-0: Ball 1-0: Swinging Strike 1-1: Foul Ball, location: 2F 1-2: Foul Ball, location: 2F 1-2: Ball 2-2: Ball 3-2: Strikes out swinging
|
Batting: RHB Travis Carter
|
0-0: Foul Ball, location: 2F 0-1: Grounds into double play, 5-4-3 (Groundball, 56S, EV 89.4 MPH)
|
Bottom of the 4th over - 0 runs, 1 hit, 0 errors, 1 left on base; Toledo 1 - Norfolk 0 |
TOP OF THE 5TH |
Toledo Mud Hens batting - Pitching for Norfolk Tides : RHP Aaron Schneider
|
Batting: RHB J.J. Basil
|
0-0: Ball 1-0: Called Strike 1-1: Bunt missed! 1-2: Ball 2-2: SINGLE (Groundball, 56D, EV 105.0 MPH)
|
Batting: RHB Aaron Cusick
|
0-0: Bunt missed! 0-1: Ball J.J. Basil steals 2nd base 1-1: Bunted foul 1-2: Ball 2-2: Hit by Pitch
|
Batting: LHB Bill Ford
|
0-0: Ball 1-0: Ball 2-0: Ball 3-0: Base on Balls J.J. Basil to third Aaron Cusick to second
|
Batting: LHB Jon Frederick
|
0-0: Called Strike 0-1: Swinging Strike 0-2: Ball 1-2: Strikes out looking
|
Batting: RHB Joel Miller
|
0-0: Called Strike 0-1: Ball 1-1: Called Strike 1-2: Ball 2-2: Strikes out swinging
|
Batting: RHB Jamie Villagrana
|
0-0: Ball 1-0: Foul Ball, location: 2F 1-1: Called Strike 1-2: Foul Ball, location: 2F 1-2: Foul Ball, location: 2F 1-2: Foul Ball, location: 2F 1-2: Ball 2-2: Ball 3-2: SINGLE (Groundball, 6MD, EV 105.0 MPH) J.J. Basil scores Aaron Cusick to third Bill Ford to second Aaron Cusick scores Bill Ford to third
|
Pitching: RHP Wayne Lammers
|
|
Batting: RHB Keith Hoffman
|
0-0: Called Strike 0-1: Called Strike 0-2: Ball 1-2: Foul Ball, location: 2F 1-2: Ball 2-2: Fly out, F9 (Flyball, 9, EV 81.9 MPH)
|
Top of the 5th over - 2 runs, 2 hits, 0 errors, 2 left on base; Toledo 3 - Norfolk 0 |
BOTTOM OF THE 5TH |
Norfolk Tides batting - Pitching for Toledo Mud Hens : RHP Andy Miller
|
Batting: RHB Ryan Taylor
|
0-0: Fly out, F8 (Line Drive, 8RD, EV 92.5 MPH)
|
Batting: RHB Andrew Korman
|
0-0: Ball 1-0: Ground out 6-3 (Groundball, 6, EV 85.0 MPH)
|
Batting: RHB Andy Bridger
|
0-0: Ground out 6-3 (Groundball, 6, EV 77.5 MPH)
|
Bottom of the 5th over - 0 runs, 0 hits, 0 errors, 0 left on base; Toledo 3 - Norfolk 0 |
TOP OF THE 6TH |
Toledo Mud Hens batting - Pitching for Norfolk Tides : RHP Wayne Lammers
|
Batting: SHB Scott Bartholomew
|
0-0: Ball 1-0: Ball 2-0: Ball 3-0: Called Strike 3-1: Base on Balls
|
Batting: SHB Chris Wagler
|
0-0: Ball 1-0: Ball 2-0: Ball 3-0: Called Strike 3-1: Foul Ball, location: 2F 3-2: Fly out, F8 (Flyball, 8RD, EV 103.1 MPH)
|
Batting: RHB J.J. Basil
|
0-0: Grounds into double play, 6-4-3 (Groundball, 6, EV 87.5 MPH)
|
Top of the 6th over - 0 runs, 0 hits, 0 errors, 0 left on base; Toledo 3 - Norfolk 0 |
BOTTOM OF THE 6TH |
Norfolk Tides batting - Pitching for Toledo Mud Hens : RHP Andy Miller
|
Batting: RHB Bobby Scholl
|
0-0: Ball 1-0: Called Strike 1-1: Called Strike 1-2: Ground out 5-3 (Groundball, 5, EV 87.5 MPH)
|
Batting: LHB Tyler Allen
|
0-0: Ball 1-0: Ball 2-0: Ground out 3-1 (Groundball, 13, EV 89.4 MPH)
|
Batting: LHB Wes Goscinski
|
0-0: Ball 1-0: Called Strike 1-1: Swinging Strike 1-2: Foul Ball, location: 2F 1-2: Ball 2-2: Foul Ball, location: 2F 2-2: Strikes out swinging
|
Bottom of the 6th over - 0 runs, 0 hits, 0 errors, 0 left on base; Toledo 3 - Norfolk 0 |
TOP OF THE 7TH |
Toledo Mud Hens batting - Pitching for Norfolk Tides : RHP Wayne Lammers
|
Batting: RHB Aaron Cusick
|
0-0: Ball 1-0: Ball 2-0: Called Strike 2-1: Hit by Pitch
|
Batting: LHB Bill Ford
|
0-0: Called Strike 0-1: Called Strike 0-2: Ball 1-2: Foul Ball, location: 2F 1-2: Ball 2-2: Fly out, F8 (Flyball, 8RS, EV 88.1 MPH)
|
Batting: LHB Jon Frederick
|
0-0: Ball 1-0: Ball 2-0: SINGLE (Line Drive, 8RS, EV 94.4 MPH) Aaron Cusick to second
|
Batting: RHB Joel Miller
|
0-0: Foul Ball, location: 2F 0-1: Grounds into double play, 4-6-3 (Groundball, 4, EV 106.9 MPH)
|
Top of the 7th over - 0 runs, 1 hit, 0 errors, 1 left on base; Toledo 3 - Norfolk 0 |
BOTTOM OF THE 7TH |
Norfolk Tides batting - Pitching for Toledo Mud Hens : RHP Andy Miller
|
Batting: RHB Muneer Maudad
|
0-0: Swinging Strike 0-1: Foul Ball, location: 2F 0-2: Foul Ball, location: 2F 0-2: Foul Ball, location: 2F 0-2: Foul Ball, location: 2F 0-2: Fly out, F9 (Flyball, 9, EV 86.2 MPH)
|
Batting: SHB Ben Pierce
|
0-0: Ball 1-0: Swinging Strike 1-1: Called Strike 1-2: Foul Ball, location: 2F 1-2: Ball 2-2: Ball 3-2: Fly out, F8 (Flyball, 8RD, EV 93.8 MPH)
|
Batting: RHB Travis Carter
|
0-0: Ball 1-0: DOUBLE (Flyball, 9D, EV 73.8 MPH)
|
Batting: RHB Ryan Taylor
|
0-0: Called Strike 0-1: Called Strike 0-2: Ball 1-2: Ground out 6-3 (Groundball, 6, EV 87.5 MPH)
|
Bottom of the 7th over - 0 runs, 1 hit, 0 errors, 1 left on base; Toledo 3 - Norfolk 0 |
TOP OF THE 8TH |
Toledo Mud Hens batting - Pitching for Norfolk Tides : RHP Wayne Lammers
|
Batting: RHB Jamie Villagrana
|
0-0: Called Strike 0-1: Ball 1-1: Swinging Strike 1-2: Ball 2-2: Strikes out swinging
|
Batting: RHB Keith Hoffman
|
0-0: Ball 1-0: Foul Ball, location: 2F 1-1: Fly out, F8 (Flyball, 89M, EV 95.0 MPH)
|
Batting: SHB Scott Bartholomew
|
0-0: Foul Ball, location: 2F 0-1: Called Strike 0-2: Ball 1-2: Ball 2-2: Foul Ball, location: 2F 2-2: Strikes out swinging
|
Top of the 8th over - 0 runs, 0 hits, 0 errors, 0 left on base; Toledo 3 - Norfolk 0 |
BOTTOM OF THE 8TH |
Norfolk Tides batting - Pitching for Toledo Mud Hens : RHP Andy Miller
|
Pitching: RHP Chris Kimura
|
|
Batting: RHB Andrew Korman
|
0-0: Swinging Strike 0-1: SINGLE (Line Drive, 6M, EV 95.0 MPH)
|
Pinch Hitting: SHB Brian Bentz
|
0-0: Ball 1-0: Ball 2-0: Ball 3-0: Called Strike 3-1: SINGLE (Line Drive, 89M, EV 103.1 MPH) Andrew Korman to second
|
Batting: RHB Bobby Scholl
|
0-0: Ball 1-0: Foul Ball, location: 2F 1-1: Ball 2-1: Foul Ball, location: 2F 2-2: SINGLE (Groundball, 4D, EV 95.0 MPH) Andrew Korman to third Brian Bentz to second
|
Batting: LHB Tyler Allen
|
0-0: Called Strike 0-1: Ball 1-1: Swinging Strike 1-2: Ball 2-2: Fielders Choice at 2nd, 4-6 (Groundball, 4, EV 83.8 MPH) Andrew Korman scores Brian Bentz to third
|
Batting: LHB Wes Goscinski
|
0-0: Ball 1-0: Foul Ball, location: 2F 1-1: SINGLE (Groundball, 3D, EV 105.0 MPH) Brian Bentz scores Tyler Allen to second Runner from 2nd tries for 3rd, SAFE, throw by RF made to third
|
Batting: RHB Muneer Maudad
|
0-0: Ball 1-0: Ball 2-0: Swinging Strike 2-1: Swinging Strike 2-2: Strikes out swinging
|
Pitching: RHP Martin Murillo
|
|
Batting: SHB Ben Pierce
|
0-0: Called Strike 0-1: Ball Pickoff Throw to First - Out! 1-3
|
Bottom of the 8th over - 2 runs, 4 hits, 0 errors, 1 left on base; Toledo 3 - Norfolk 2 |
TOP OF THE 9TH |
Toledo Mud Hens batting - Pitching for Norfolk Tides : RHP Wayne Lammers
|
Pitching: RHP Ryan Hemmerich
|
|
Now at 2B: Brian Bentz
|
|
Now at 3B: Travis Carter
|
|
Batting: SHB Chris Wagler
|
0-0: Foul Ball, location: 2F 0-1: Foul Ball, location: 2F 0-2: Foul Ball, location: 2F 0-2: Ball 1-2: Ground out 6-3 (Groundball, 6, EV 99.4 MPH)
|
Batting: RHB J.J. Basil
|
0-0: Ball 1-0: Called Strike 1-1: SINGLE (Line Drive, 89S, EV 106.2 MPH)
|
Batting: RHB Aaron Cusick
|
0-0: Called Strike 0-1: Called Strike 0-2: Grounds into double play, 4-6-3 (Groundball, 4, EV 91.9 MPH)
|
Top of the 9th over - 0 runs, 1 hit, 0 errors, 0 left on base; Toledo 3 - Norfolk 2 |
BOTTOM OF THE 9TH |
Norfolk Tides batting - Pitching for Toledo Mud Hens : RHP Martin Murillo
|
Batting: SHB Ben Pierce
|
0-0: Fly out, F8 (Flyball, 8LM, EV 98.8 MPH)
|
Batting: RHB Travis Carter
|
0-0: Ball 1-0: Ball 2-0: Called Strike 2-1: Foul Ball, location: 2F 2-2: Ball 3-2: Strikes out swinging
|
Batting: RHB Ryan Taylor
|
0-0: Foul Ball, location: 2F 0-1: Swinging Strike 0-2: Ball 1-2: Ground out 5-3 (Groundball, 5, EV 86.2 MPH)
|
Bottom of the 9th over - 0 runs, 0 hits, 0 errors, 0 left on base; Toledo 3 - Norfolk 2 |
|